 Dungeon Crawl Stone Soup version 0.30-a0-122-g2a1322497e (webtiles) character file.

Game seed: 1851867669874544712

1866 greasedhog the Changer (level 9, -6/54 HPs)
             Began as a Gargoyle Transmuter on Sept 17, 2022.
             Was a Follower of Sif Muna.
             Mangled by Joseph
             ... wielding a +0 quarterstaff
              (10 damage)
             ... on level 7 of the Dungeon.
             The game lasted 00:12:43 (8061 turns).

greasedhog the Changer (Gargoyle Transmuter)        Turns: 8061, Time: 00:12:46

Health: -6/54      AC:  2    Str: 16    XL:     9   Next: 13%
Magic:  22/24      EV: 18    Int: 16    God:    Sif Muna [*.....]
Gold:   380        SH:  0    Dex: 15    Spells: 1/16 levels left

rFire   . . .      SeeInvis .      - Unarmed
rCold   . . .      Faith    .    (shield currently unavailable)
rNeg    + . .      Spirit   .    (body armour currently unavailable)
rPois   ∞          Reflect  .    (helmet currently unavailable)
rElec   .          Harm     .    (cloak currently unavailable)
rCorr   .          Rampage  .    (gloves currently unavailable)
Will    .....                    (boots currently unavailable)
Stlth   +.........               v - amulet of the acrobat
HPRegen 0.18/turn                u - ring of magical power
MPRegen 0.19/turn                (no ring)

@: mighty, spider-form, wereblooded
A: venomous fangs, sickness immunity, AC +6, tiny, negative energy resistance 1,
(electricity resistance), torment resistance 1, petrification resistance
a: End Transformation, Renounce Religion, Channel Magic


You were on level 7 of the Dungeon.
You worshipped Sif Muna.
Sif Muna was aware of your devotion.
You were a venomous arachnid creature.
You visited 2 branches of the dungeon, and saw 8 of its levels.

You collected 380 gold pieces.

Inventory:

Armour
 a - a +0 cloak (melded)
 l - a +2 helmet (melded)
 p - a +0 leather armour (melded)
Jewellery
 u - a ring of magical power (left front leg)
 v - an amulet of the acrobat (around neck)
Wands
 n - a wand of paralysis (4)
Scrolls
 d - a scroll of summoning
 h - a scroll of amnesia
 i - 2 scrolls of vulnerability
 j - 4 scrolls of immolation {unknown}
 k - 3 scrolls of magic mapping
 q - a scroll of torment {unknown}
 t - 2 scrolls of blinking {unknown}
 w - a scroll of enchant armour {unknown}
 x - a scroll of enchant weapon {unknown}
Potions
 b - a potion of lignification
 c - a potion of curing
 e - a potion of haste {unknown}
 f - 2 potions of flight {unknown}
 m - a potion of cancellation {unknown}
 o - a potion of heal wounds {unknown}
 r - a potion of ambrosia {unknown}
 s - a potion of attraction {unknown}
 z - a potion of mutation {unknown}


   Skills:
 - Level 5.1 Fighting
 * Level 2.5 Armour
 - Level 1.5 Dodging
 - Level 5.0 Unarmed Combat
 - Level 4.1 Spellcasting
 * Level 5.8 Transmutations
 * Level 4.8 Poison Magic


You had one spell level left.
You knew the following spells:

 Your Spells              Type           Power      Damage    Failure   Level
a - Beastly Appendage     Tmut           44%        N/A       7%          1
b - Wereblood             Tmut           22%        N/A       9%          2
c - Spider Form           Tmut/Pois      20%        N/A       16%         3
d - Ice Form              Ice/Tmut       12%        N/A       67%         4
e - Blade Hands           Tmut           11%        N/A       61%         5

Your spell library contained the following spells:

 Spells                   Type           Power      Damage    Failure   Level
 Freeze                   Ice            12%        1d4       36%         1
 Magic Dart               Conj           12%        1d3       36%         1
 Call Imp                 Summ           3%         N/A       47%         2
 Mephitic Cloud           Conj/Pois/Air  8%         N/A       47%         3
 Frozen Ramparts          Ice            6%         1d1       67%         3
 Portal Projectile        Hex/Tloc       6%         N/A       67%         3
 Tukima's Dance           Hex            3%         N/A       67%         3
 Hailstorm                Conj/Ice       3%         3d3       95%         4


Dungeon Overview and Level Annotations

Branches:
Dungeon (7/15)             Temple (1/1) D:4

Altars:
Cheibriados
Dithmenos
Fedhas
Gozag
Hepliaklqana
Kikubaaqudgha
Makhleb
Nemelex Xobeh
Ru
Sif Muna
Uskayaw
Vehumet
Yredelemnul
Zin
The Shining One

Annotations:
D:7 Joseph


Innate Abilities, Weirdness & Mutations

You are a venomous arachnid creature.
You have poisonous fangs.
You are tiny and dextrous.
Your spellcasting is less reliable in this form.
Your armour is entirely melded.
You are incapable of wielding weapons or throwing items.
You are immune to sickness and miasma.
((Your stone body is resilient. (AC +6)))
You are immune to poison.
You resist negative energy. (rN+)
((You are resistant to electric shocks. (rElec)))
You are resistant to unholy torment.
You are immune to petrification.


Message History

Joseph barely misses you.
You hit Joseph.
Joseph is poisoned.
Joseph is lightly wounded.
Joseph hits you with a +0 quarterstaff.
You hit Joseph.
Joseph is lightly wounded.
An orc comes into view. It is wielding a +0 morningstar.
Joseph closely misses you.
You hit Joseph.
Joseph is moderately wounded.
Joseph barely misses you.
You hit Joseph but do no damage.
Joseph looks as sick as possible!
Joseph is moderately wounded.
Joseph says, "I'm here to kill trespassers.
I like my job."
Joseph misses you.
You barely miss the orc priest.
A bullfrog comes into view.
The orc priest closely misses you.
The bullfrog moves out of view.
You barely miss the orc priest. Joseph misses you.
The orc priest invokes the aid of Beogh against you.
You are unaffected.
You barely miss the orc priest. Joseph barely misses you.
The orc priest misses you.
You hit the orc priest but do no damage.
Joseph hits you with a +0 quarterstaff!!
* * * LOW HITPOINT WARNING * * *
The orc priest misses you.
You hit the orc priest.
The orc priest is poisoned.
The orc priest is lightly wounded.
Joseph completely misses you.
You feel better. The orc closely misses you. The orc priest misses you.
Joseph hits you with a +0 quarterstaff!
* * * LOW HITPOINT WARNING * * *
You feel very mighty all of a sudden. The orc hits you with a +0 morningstar.
* * * LOW HITPOINT WARNING * * *
The orc priest hits you with a +0 short sword.
* * * LOW HITPOINT WARNING * * *
Joseph hits you with a +0 quarterstaff!
You die...

#....# ....# #
#...# .# #...# .#
#...##.###
#........
#..oo.######
#...s@...... #
##.#########
#.##..# ### #.
#.....# ...##.
####.##
#..#.###....#
##...#...#######
................
#.##.............


You could see Joseph (very poisoned), an orc priest (very poisoned) and an orc.

Vanquished Creatures
  Prince Ribbit (D:5)
  Grinder (D:6)
  Sigmund (D:3)
  2 black bears (D:6)
  2 ogres (D:6)
  2 centaurs (D:6)
  A phantom (D:5)
  4 scorpions
  A howler monkey (D:6)
  2 orc priests
  Crazy Yiuf (D:3)
  A hound (D:4)
  Ijyb (D:3)
  2 iguanas
  2 orc wizards (D:4)
  8 adders
  A white imp (D:6)
  An ufetubus (D:5)
  A worm (D:3)
  6 dart slugs
  10 orcs
  6 bats
  9 endoplasms
  A giant cockroach (D:4)
  16 goblins
  6 hobgoblins
  7 jackals
  12 kobolds
  4 quokkas
  11 ball pythons
  2 frilled lizards
  7 rats
132 creatures vanquished.

Notes
Turn   | Place    | Note
-------+----------+-------------------------------------------
     0 | D:1      | greasedhog the Gargoyle Transmuter began the quest for the
                  | Orb.
     0 | D:1      | Reached XP level 1. HP: 12/12 MP: 3/3
   193 | D:1      | Reached XP level 2. HP: 10/16 MP: 3/5
   196 | D:1      | Learned a level 2 spell: Wereblood
   744 | D:1      | Reached XP level 3. HP: 14/20 MP: 6/6
  1649 | D:2      | Noticed a scorpion
  1664 | D:2      | Killed a scorpion
  1665 | D:2      | Reached XP level 4. HP: 15/25 MP: 4/8
  2255 | D:2      | Reached XP level 5. HP: 26/29 MP: 7/9
  2707 | D:2      | Learned a level 3 spell: Spider Form
  2712 | D:2      | Learned a level 4 spell: Ice Form
  2913 | D:3      | Noticed Ijyb
  2938 | D:3      | Paralysed by Ijyb for 4 turns
  2943 | D:3      | Killed Ijyb
  3536 | D:3      | Noticed Sigmund
  3547 | D:3      | Killed Sigmund
  3548 | D:3      | Reached XP level 6. HP: 29/34 MP: 8/11
  3917 | D:3      | Reached skill level 5 in Unarmed Combat
  3919 | D:3      | Reached XP level 7. HP: 34/38 MP: 13/13
  4017 | D:3      | Found a faded altar of an unknown god.
  4275 | D:3      | Found a runed translucent door.
  4276 | D:3      | Noticed Crazy Yiuf
  4373 | D:3      | Killed Crazy Yiuf
  4651 | D:4      | Found a staircase to the Ecumenical Temple.
  4667 | Temple   | Entered the Ecumenical Temple
  4953 | Temple   | Became a worshipper of Sif Muna the Loreminder
  4998 | D:4      | Reached skill level 1 in Poison Magic
  5637 | D:5      | Entered Level 5 of the Dungeon
  5855 | D:5      | Noticed Prince Ribbit
  5877 | D:5      | Killed Prince Ribbit
  5878 | D:5      | Reached XP level 8. HP: 36/48 MP: 14/14
  6022 | D:5      | Learned a level 5 spell: Blade Hands
  6352 | D:5      | Identified the +5 flail of Wosempay {vorpal, *Rage Str+6}
  6636 | D:6      | Reached skill level 5 in Transmutations
  7155 | D:6      | Reached skill level 5 in Fighting
  7521 | D:6      | Noticed Grinder
  7528 | D:6      | Reached skill level 1 in Armour
  7529 | D:6      | Paralysed by Grinder for 5 turns
  7537 | D:6      | Paralysed by Grinder for 2 turns
  7544 | D:6      | Killed Grinder
  7545 | D:6      | Reached XP level 9. HP: 25/54 MP: 15/15
  7913 | D:6      | Reached * piety under Sif Muna
  8044 | D:7      | Noticed Joseph
  8061 | D:7      | Mangled by Joseph

Illustrated notes

Levels and vault maps discovered:
D:1:      amcnicky_arrival_underground_garden, layout_basic
D:2:      layout_basic
D:3:      kennysheep_goblin_castle, layout_basic, ebering_ecumenical_altar_rust,
          minmay_misc_feat_doors, uniq_crazy_yiuf_cottage, uniq_sigmund
D:4:      layout_rooms, minmay_temple_entry_trees, st_stairs_2
D:5:      layout_cave_pods, uniq_prince_ribbit1
D:6:      layout_loops_cross, uniq_grinder
D:7:      layout_basic, serial_shops, nicolae_diamond_shop, uniq_joseph
Temple:   bh_familiar_temple

Skill      XL: |  1  2  3  4  5  6  7  8 |
---------------+-------------------------+-----
Transmutations | 2 3 4 5 |  5.8
Spellcasting   | 3 4 |  4.1
Unarmed Combat | 4 5 |  5.0
Fighting       | 3 5 |  5.1
Poison Magic   | 2 4 |  4.8
Armour         | 2 |  2.5
Dodging        | |  1.5

Action                   |  1- 3 |  4- 6 |  7- 9 || total
-------------------------+-------+-------+-------++-------
Melee: Unarmed           |    83 |   142 |   195 ||   420
       Headbutt          |     7 |    20 |    18 ||    45
       Kick              |     8 |    28 |    36 ||    72
       Punch             |     5 |     3 |       ||     8
 Cast: Beastly Appendage |    18 |    31 |    29 ||    78
       Wereblood         |     3 |     5 |    15 ||    23
       Spider Form       |       |       |     9 ||     9
Evoke: Wand              |       |       |     1 ||     1
  Use: Scroll            |     3 |     3 |       ||     6
       Potion            |       |     1 |     2 ||     3
 Stab: Sleeping          |       |     1 |       ||     1
       Paralysed         |       |       |     5 ||     5
Armor: Robe              |    20 |    57 |       ||    77
       Leather armour    |       |    10 |    47 ||    57
       Skin              |       |       |     4 ||     4
Dodge: Dodged            |    47 |   102 |   122 ||   271

Table legend: (Time is in decaauts)
 A = Elapsed time spent in this place.
 B = Non-inter-level travel time spent in this place.
 C = Inter-level travel time spent in this place.
 D = Time resting spent in this place.
 E = Time spent auto-exploring this place.
 F = Levels seen in this place.
 G = Mean time per level.
                   A        B        C        D        E       F      G
               +--------+--------+--------+--------+--------+-----+--------+
         Total |   8024 |   7708 |    316 |    787 |   5850 |   8 | 1003.0 |
       Dungeon |   7706 |   7434 |    272 |    787 |   5584 |   7 | 1100.9 |
        Temple |    318 |    274 |     44 |      0 |    266 |   1 |  318.0 |
               +--------+--------+--------+--------+--------+-----+--------+

Top non-repeatable levels by time:
     D:3: 1630 daAuts
     D:1: 1530 daAuts
     D:6: 1415 daAuts
     D:2: 1228 daAuts
     D:5: 963 daAuts
     D:4: 902 daAuts
  Temple: 318 daAuts
     D:7: 34 daAuts
